 Dungeon Crawl Stone Soup version 0.27.1-34-g3ba077fa99 (webtiles) character file.

Game seed: 13280785973694267405

69 safid the Skirmisher (level 4, -4/40 HPs)
             Began as a Hill Orc Fighter on Jan 13, 2022.
             Was an Initiate of Beogh.
             Killed from afar by Sigmund (7 damage)
             ... with a puff of flame
             ... on level 3 of the Dungeon.
             The game lasted 00:02:38 (1682 turns).

safid the Skirmisher (Hill Orc Fighter)             Turns: 1682, Time: 00:02:39

Health: -4/40      AC:  7    Str: 25    XL:     4   Next: 20%
Magic:  4/4        EV:  7    Int:  8    God:    Beogh [......]
Gold:   59         SH: 10    Dex: 16    Spells: 3/3 levels left

rFire    . . .     SeeInvis .   g - +0 whip (elec)
rCold    . . .     Faith    .   c - +0 kite shield
rNeg     . . .     Spirit   .   b - +0 scale mail
rPois    .         Reflect  .   (no helmet)
rElec    .         Harm     .   (no cloak)
rCorr    .         Rampage  .   (no gloves)
Will     .....                  (no boots)
Stlth    ..........             (no amulet)
HPRegen  0.13/turn              h - +6 ring of strength
MPRegen  0.09/turn              l - +6 ring of dexterity

@: no status effects
A: no striking features
a: Renounce Religion


You were on level 3 of the Dungeon.
You worshipped Beogh.
Beogh was noncommittal.
You visited 1 branch of the dungeon, and saw 3 of its levels.

You collected 59 gold pieces.

Inventory:

Hand Weapons
 a - a +0 war axe
 g - a +0 whip of electrocution (weapon)
Armour
 b - a +0 scale mail (worn)
 c - a +0 kite shield (worn)
 f - a +0 ring mail of poison resistance
Jewellery
 h - a +6 ring of strength (left hand)
 l - a +6 ring of dexterity (right hand)
 m - a ring of magical power
Scrolls
 i - a scroll of identify {unknown}
 j - a scroll of brand weapon {unknown}
 k - a scroll of fear {unknown}
Potions
 d - 2 potions of might
 e - a potion of curing {unknown}


   Skills:
 - Level 4.0 Fighting
 + Level 3.9 Axes
 - Level 4.0 Armour
 + Level 4.0 Shields


You had 3 spell levels left.
You didn't know any spells.
Your spell library was empty.

Dungeon Overview and Level Annotations

Branches:
Dungeon (3/15)

Altars:

Annotations:
D:3 Sigmund


Message History

You see here a hobgoblin corpse.
You bump into the rock wall.
Sigmund hits you from afar with a +0 scythe.
You bump into the rock wall.
You bump into the rock wall.
Sigmund hits you from afar with a +0 scythe.
You bump into the rock wall.
Sigmund barely misses you.
You bump into the rock wall.
Sigmund hits you but does no damage. Sigmund hits you with a +0 scythe.
You bump into the rock wall.
You bump into the rock wall.
You feel less confused. You block Sigmund's attack.
You hit Sigmund but do no damage.
Sigmund is moderately wounded.
Sigmund barely misses you.
You closely miss Sigmund.
Sigmund is moderately wounded.
Sigmund casts a spell at you.
You are confused.
You hit Sigmund.
Sigmund is moderately wounded.
Sigmund casts a spell.
Sigmund flickers and vanishes!
Deactivating autopickup; reactivate with Ctrl-A.
You miss something. Something hits you but does no damage.
You hit something. Lightning courses through something! Something hits you!
You feel less confused. Something hits you!
* * * LOW HITPOINT WARNING * * *
You hit something but do no damage. Something hits you.
* * * LOW HITPOINT WARNING * * *
You miss something. Something hits you.
* * * LOW HITPOINT WARNING * * *
You hit something.
You hear some strange, mumbled words.
A puff of flame appears from out of thin air!
The puff of flame hits you!
You die...

#..##..<.# ++####.....#
#..#####.# .#........#
...# #.# ..#......#
....####.#### #.#....#.#.
....+.......####.#........
....#.##..#.##........#.##
....#..........#..........
##......#..##..#..####
#......#...@{.....#
#......######..#....#
######.# ...# .#.# ..#
#.... # # #.# ####.# #.#
.# . #


There were no monsters in sight!

Vanquished Creatures
  2 adders (D:2)
  A worm (D:2)
  2 dart slugs
  2 orcs (D:3)
  2 ball pythons (D:1)
  3 endoplasms (D:2)
  2 giant cockroaches (D:2)
  6 goblins
  A hobgoblin (D:3)
  8 kobolds
  2 quokkas
  5 bats
  A frilled lizard (D:2)
  5 rats
42 creatures vanquished.

Vanquished Creatures (others)
  2 plants (D:1)
2 creatures vanquished.

Grand Total: 44 creatures vanquished

Notes
Turn   | Place    | Note
-------+----------+-------------------------------------------
     0 | D:1      | safid the Hill Orc Fighter began the quest for the Orb.
     0 | D:1      | Reached XP level 1. HP: 19/19 MP: 1/1
    94 | D:1      | Reached XP level 2. HP: 27/27 MP: 2/2
   578 | D:2      | Reached XP level 3. HP: 33/33 MP: 3/3
   655 | D:2      | Found a faded altar of an unknown god.
  1317 | D:2      | Reached XP level 4. HP: 35/40 MP: 4/4
  1553 | D:3      | Became a worshipper of Beogh the Brigand
  1646 | D:3      | Noticed Sigmund
  1682 | D:3      | Killed from afar by Sigmund

Illustrated notes

Levels and vault maps discovered:
D:1:      lightli_iron_boxes, layout_rooms, serial_forest,
          infiniplex_forest_lined_3_way, infiniplex_forest_lined_1,
          infiniplex_forest_join, infiniplex_forest_clump_medium,
          infiniplex_forest_clump_diagonal, infiniplex_forest_straight_4
D:2:      layout_basic, shapermc_ecumenical_altar_notcrosses, minmay_surrounded
D:3:      kennysheep_big_flooded_room, layout_basic, grunt_temple_overflow_open,
          uniq_sigmund, uniq_terence

Skill      XL: |  1  2  3 |
---------------+----------+-----
Axes           | 3 |  3.9
Fighting       | 4 |  4.0
Armour         | 4 |  4.0
Shields        | 4 |  4.0

Action                   |  1- 3 |  4- 6 || total
-------------------------+-------+-------++-------
Melee: War axe           |     9 |       ||     9
       Whip              |    98 |    22 ||   120
Invok: Convert to Beogh  |       |     1 ||     1
Armor: Scale mail        |    49 |     4 ||    53
Dodge: Dodged            |    35 |     5 ||    40
Block: Kite shield       |    59 |     9 ||    68
